 Dungeon Crawl Stone Soup version 0.30-a0-802-gb92711bcdf (webtiles) character file.

Game seed: 16717908373916206728

55 Jeffwins the Shooter (level 4, 0/32 HPs)
             Began as a Human Wanderer on Feb 24, 2023.
             Succumbed to an adder's poison
             ... on level 2 of the Dungeon.
             The game lasted 00:01:50 (1018 turns).

Jeffwins the Shooter (Human Wanderer)               Turns: 1018, Time: 00:01:51

Health: 0/32       AC:  3    Str: 12    XL:     4   Next: 14%
Magic:  7/7        EV: 11    Int: 16    God:
Gold:   92         SH:  0    Dex: 11    Spells: 6/7 levels left

rFire   . . .      SeeInvis .    a - +2 sling
rCold   . . .      Faith    .    (no shield)
rNeg    . . .      Spirit   .    d - +0 robe
rPois   .          Reflect  .    (no helmet)
rElec   .          Harm     .    e - +0 cloak
rCorr   .          Rampage  .    (no gloves)
Will    .....                    (no boots)
Stlth   ++                       (no amulet)
HPRegen 0.25/turn                (no ring)
MPRegen 0.10/turn                (no ring)

@: lethally poisoned (0 -> -11)
A: no striking features
a: no special abilities


You were on level 2 of the Dungeon.
You visited 1 branch of the dungeon, and saw 2 of its levels.

You collected 92 gold pieces.


   Skills:
 - Level 1.0 Fighting
 * Level 3.5 Ranged Weapons
 - Level 1.0 Dodging
 + Level 1.9 Stealth
 - Level 2.0 Spellcasting
 - Level 3.0 Necromancy
 - Level 1.0 Evocations


You had 6 spell levels left.
You knew the following spells:

 Your Spells              Type           Power      Damage    Failure   Level
X - Necrotise             Necr           44%        1d6       6%          1

Your spell library contained the following spells:

 Spells                   Type           Power      Damage    Failure   Level
 Vampiric Draining        Necr           11%        2d6       19%         3

Inventory:

Hand Weapons
 a - a +2 sling (weapon)
 b - a +0 triple crossbow
Armour
 d - a +0 robe (worn)
 e - a +0 cloak (worn)
 i - a +0 kite shield
Magical Staves
 f - a staff of cold
Wands
 m - a wand of polymorph (6)
Scrolls
 c - 2 scrolls of teleportation {@r4}
 h - 4 scrolls of identify {unknown}
Potions
 g - a potion of curing {unknown}
 k - 2 potions of invisibility

Dungeon Overview and Level Annotations

Branches:
Dungeon (2/15)

Altars:

▒...▒ #... ▒...░ #...
▒▒.... #.## ▒....░ #.# ▒.
▒....▒ #.#
▒...░....▒▒▒▒... ##.#
................ ##..#
###░##.##############).##
#.SS@...........)##
################## # # #
# # # #


You could see 2 adders.


Message History

You shoot a sling bullet.
The sling bullet closely misses the adder.
The sling bullet closely misses the adder.
You feel sick. The adder bites you.
* * * LOW HITPOINT WARNING * * *
You are more poisoned.
The adder poisons you!
Fire: a) +2 sling
Press: ? - help, Q - select action, (/) - cycle Shift-Dir - straight line, f/p - adder
Aim: an adder (severely wounded, 35% to hit)
You shoot a sling bullet.
The sling bullet barely misses the adder.
The sling bullet completely misses the adder.
You feel very sick. The adder bites you.
* * * LOW HITPOINT WARNING * * *
The adder barely misses you.
Unknown command.
Fire: a) +2 sling
Press: ? - help, Q - select action, (/) - cycle Shift-Dir - straight line, f/p - adder
Aim: an adder (severely wounded, 35% to hit)
You shoot a sling bullet. The sling bullet misses the adder.
The sling bullet closely misses the adder.
* * * LOW HITPOINT WARNING * * *
You feel sick. The adder bites you.
* * * LOW HITPOINT WARNING * * *
You are more poisoned.
The adder poisons you! The adder barely misses you.
It was a potion of cancellation.
You feel magically purged.
You die...

Skill      XL: |  1  2  3 |
---------------+----------+-----
Stealth        | 1 |  1.9
Ranged Weapons | 3 |  3.5
Fighting       | |  1.0
Dodging        | |  1.0
Spellcasting   | |  2.0
Necromancy     | |  3.0
Evocations     | |  1.0

Action                     |  1- 3 |  4- 6 || total
---------------------------+-------+-------++-------
   Fire: Sling             |   103 |     6 ||   109
         Triple crossbow   |    18 |       ||    18
    Use: Potion            |     2 |     1 ||     3
 Armour: Robe              |    34 |       ||    34
  Dodge: Dodged            |    59 |     5 ||    64

Levels and vault maps discovered:
D:1:      lightli_arrival_maybe_door_vault, layout_rooms
D:2:      minmay_recursive_quarters, layout_basic

Notes
Turn   | Place    | Note
-------+----------+-------------------------------------------
     0 | D:1      | Jeffwins the Human Wanderer began the quest for the Orb.
     0 | D:1      | Jeffwins set off with the following items: a +2 sling, a
                  | wand of polymorph (6), a scroll of teleportation {@r4}, a
                  | +0 robe; and the following spell memorised: Necrotise; and
                  | the following spells available to memorise: Vampiric
                  | Draining.
     0 | D:1      | Reached XP level 1. HP: 15/15 MP: 3/3
   112 | D:1      | Reached XP level 2. HP: 21/21 MP: 5/5
   202 | D:1      | Reached skill level 1 in Stealth
   489 | D:2      | Reached XP level 3. HP: 23/26 MP: 6/6
   503 | D:2      | Reached skill level 3 in Ranged Weapons
   867 | D:1      | Reached XP level 4. HP: 13/32 MP: 7/7
  1017 | D:2      | HP: 3/32 [adder (2)]
  1018 | D:2      | Succumbed to an adder's poison

Vanquished Creatures
  2 adders
  A worm (D:2)
  2 bats
  An endoplasm (D:1)
  4 giant cockroaches
  2 goblins
  4 jackals (D:2)
  A quokka (D:2)
  2 ball pythons
  2 frilled lizards
  6 kobolds
  6 rats
33 creatures vanquished.

Table legend: (Time is in decaauts)
 A = Elapsed time spent in this place.
 B = Non-inter-level travel time spent in this place.
 C = Inter-level travel time spent in this place.
 D = Time resting spent in this place.
 E = Time spent auto-exploring this place.
 F = Levels seen in this place.
 G = Mean time per level.
                   A        B        C        D        E       F      G
               +--------+--------+--------+--------+--------+-----+--------+
         Total |   1066 |   1033 |     33 |     15 |    727 |   2 |  533.0 |
       Dungeon |   1066 |   1033 |     33 |     15 |    727 |   2 |  533.0 |
               +--------+--------+--------+--------+--------+-----+--------+

Top non-repeatable levels by time:
     D:2: 624 daAuts
     D:1: 442 daAuts

Table legend:
 A = Non-vault XP
 B = Vault XP
 C = Vault XP percentage of total XP
 D = Non-vault monster count
 E = Vault monster count
 F = Vault count percentage of total count
                 A         B        C        D         E       F
            +---------+---------+-------+---------+---------+-------
      Total |      66 |      13 |  16.5 |      32 |       1 |   3.0
            +---------+---------+-------+---------+---------+-------
        D:1 |      21 |      13 |  38.2 |      15 |       1 |   6.2
        D:2 |      45 |       0 |   0.0 |      17 |       0 |   0.0
            +---------+---------+-------+---------+---------+-------
